 Dungeon Crawl Stone Soup version 0.28-a0-422-gd71735cc25 (webtiles) character file.

Game seed: 8783171734424354234

5047 wakim the Cruncher (level 10, -3/88 HPs)
             Began as a Minotaur Gladiator on Sept 8, 2021.
             Was an Elder of Okawaru.
             Slain by a yak (11 damage)
             ... on level 9 of the Dungeon.
             The game lasted 00:25:20 (10698 turns).

wakim the Cruncher (Minotaur Gladiator)            Turns: 10698, Time: 00:25:20

Health: -3/88      AC:  3    Str: 20    XL:     10   Next: 30%
Magic:  10/10      EV:  8    Int:  7    God:    Okawaru [****..]
Gold:   498        SH:  0    Dex: 12    Spells: 9/9 levels left

rFire   . . .      SeeInvis .   a - +1 quarterstaff
rCold   + . .      Faith    .   (shield currently unavailable)
rNeg    . . .      Spirit   .   o - +0 plate armour
rPois   .          Reflect  .   c - +1 hat
rElec   .          Harm     .   (no cloak)
rCorr   .          Rampage  .   h - +0 pair of gloves
Will    .....                   (no boots)
Stlth   ..........              (no amulet)
HPRegen 0.24/turn               l - ring of protection from cold
MPRegen 0.12/turn               j - ring of flight

@: corroded, flying
A: horns 2, retaliatory headbutt
a: Renounce Religion, Heroism, Finesse


You were on level 9 of the Dungeon.
You worshipped Okawaru.
Okawaru was greatly pleased with you.
You visited 2 branches of the dungeon, and saw 10 of its levels.
You also visited: Sewer.

You collected 498 gold pieces.

Inventory:

Hand Weapons
 a - a +1 quarterstaff (weapon)
 b - a +0 shortbow of flaming
Missiles
 e - 138 arrows
 g - 54 poisoned darts (quivered)
 i - 6 javelins
 k - 3 throwing nets {=f!f}
Armour
 c - a +1 hat (worn)
 f - a +1 buckler of reflection
 h - a +0 pair of gloves (worn)
 o - a +0 plate armour (worn)
Jewellery
 d - a ring of protection from cold
 j - a ring of flight (right hand)
 l - a ring of protection from cold (left hand)
Wands
 t - a wand of digging (3)
 u - a wand of mindburst (5)
 v - a wand of flame (16)
 w - a wand of acid (6)
Scrolls
 n - 3 scrolls of enchant weapon
 U - a scroll of fear
 W - 2 scrolls of holy word
 X - a scroll of fog
 Y - 3 scrolls of blinking {!r}
Potions
 B - 2 potions of attraction {!q}
 C - a potion of berserk rage {!q}
 D - a potion of brilliance
 E - a potion of cancellation
 F - 3 potions of curing
 G - 2 potions of flight
 H - 5 potions of haste
 J - a potion of heal wounds
 M - a potion of mutation {!q}


   Skills:
 + Level 7.7 Fighting
 * Level 11.1 Staves
 + Level 4.3 Bows
 - Level 6.0 Throwing
 + Level 7.4 Armour
 - Level 6.0 Dodging
 * Level 2.1 Invocations


You had 9 spell levels left.
You didn't know any spells.
Your spell library contained the following spells:

 Spells                   Type           Power      Damage    Failure   Level
 Magic Dart               Conj           0%         1d3       100%        1
 Searing Ray              Conj           0%         2d4       100%        2
 Slow                     Hex            0%         N/A       100%        2
 Confusing Touch          Hex            0%         N/A       100%        3
 Mephitic Cloud           Conj/Pois/Air  0%         N/A       100%        3
 Fulminant Prism          Conj/Hex       0%         3d6       100%        4
 Yara's Violent Unravell  Hex/Tmut       0%         3d3       100%        5
 Summon Small Mammal      Summ           Unusable   N/A       N/A         1
 Call Imp                 Summ           Unusable   N/A       N/A         2
 Call Canine Familiar     Summ           Unusable   N/A       N/A         3
 Summon Guardian Golem    Hex/Summ       Unusable   N/A       N/A         3

Dungeon Overview and Level Annotations

Branches:
Dungeon (9/15)             Temple (1/1) D:7           Sewer (visited)
   Lair: D:8-11         Orc: D:9-12

Altars:
Elyvilon
Hepliaklqana
Makhleb
Nemelex Xobeh
Okawaru
Qazlal
Trog
Uskayaw

Annotations:
D:9 2 runed translucent doors


Innate Abilities, Weirdness & Mutations

You have a pair of horns on your head.
You reflexively headbutt those who attack you in melee.


Message History

The splash of acid hits you! The acid corrodes you!
You hit the acid dragon.
The acid dragon is lightly wounded.
The acid dragon bites you but does no damage.
The acid dragon claws you but does no damage.
You closely miss the acid dragon. Your headbutt misses the acid dragon.
The acid dragon is lightly wounded.
The acid dragon spits acid at you. The splash of acid hits you!
The acid corrodes you!
You hit the acid dragon but do no damage.
Your headbutt misses the acid dragon.
The acid dragon is lightly wounded.
Your plate armour prevents you from hitting the acid dragon.
You headbutt the acid dragon, but do no damage.
The acid dragon is lightly wounded.
The acid dragon bites you. The acid dragon closely misses you.
You hit the acid dragon.
You headbutt the acid dragon, but do no damage.
The acid dragon is moderately wounded.
The acid dragon spits acid at you. The splash of acid hits you!!
* * * LOW HITPOINT WARNING * * *
You feel much better. The acid dragon bites you. The acid dragon claws you.
* * * LOW HITPOINT WARNING * * *
As you read the scroll of teleportation, it crumbles to dust.
You feel strangely unstable. The acid dragon spits acid at you.
The splash of acid hits you!!
* * * LOW HITPOINT WARNING * * *
The acid corrodes you!
Unknown command.
Your surroundings suddenly seem different. 6 yaks come into view.
The yak bellows! x6
The yak barely misses you. You furiously retaliate!
You headbutt the yak! The yak closely misses you. You furiously retaliate!
You headbutt the yak! The yak gores you!
* * * LOW HITPOINT WARNING * * *
The yak gores you!
You die...

##+##########.# ##..$##
#.# ##.....## ##=#
##.......## ##..#
#.........####...##
+.....YY..+.......#
#....YYY..####...######
##...Y...## #.........#
##...@.## #.......#.#
##...## #.##.##.#.#
##+## #.##.##.#.# #.#
#.##..#.#.# #.#
#.###.#.#.# ##.##
#.###.#.#.# ##...##
#.........# #.....#
#####.#####
######...##########.#


You could see 6 yaks.

Vanquished Creatures
  A tengu warrior (D:9)
  A hornet (shapeshifter) (D:8)
  Eustachio (D:5)
  A wyvern (D:8)
  4 yaks (D:8)
  A water moccasin (D:6)
  4 orc warriors
  2 ice beasts
  A black bear (D:6)
  2 ogres
  A sky beast (D:3)
  4 centaurs
  2 phantoms (D:5)
  2 kobold brigands
  A wyvern zombie (D:7)
  3 scorpions (D:5)
  5 bullfrogs
  A wyvern skeleton (D:5)
  A water moccasin skeleton (D:4)
  3 wights
  A bullfrog zombie (D:6)
  2 hounds
  7 orc priests
  A gnoll shaman (D:6)
  3 iguanas
  3 jellies
  9 orc wizards
  A howler monkey zombie (D:9)
  7 gnolls
  A river rat (Sewer)
  4 adders
  A white imp (D:8)
  3 ufetubi
  An adder skeleton (D:4)
  4 worms
  A dart slug (D:3)
  37 orcs
  3 ball pythons
  5 endoplasms
  3 giant cockroaches
  4 goblins
  11 hobgoblins
  2 jackals (Sewer)
  16 kobolds
  3 quokkas
  7 bats
  3 frilled lizards
  11 rats
195 creatures vanquished.

Notes
Turn   | Place    | Note
-------+----------+-------------------------------------------
     0 | D:1      | wakim the Minotaur Gladiator began the quest for the Orb.
     0 | D:1      | Reached XP level 1. HP: 18/18 MP: 0/0
   147 | D:1      | Reached XP level 2. HP: 23/25 MP: 1/1
   407 | D:1      | Reached skill level 4 in Staves
   608 | D:2      | Reached skill level 1 in Armour
   608 | D:2      | Reached XP level 3. HP: 30/30 MP: 2/2
  1216 | D:3      | Found a sparkling altar of Nemelex Xobeh.
  1291 | D:3      | Found a faded altar of an unknown god.
  1504 | D:3      | Found a white marble altar of Elyvilon.
  1505 | D:3      | Noticed a sky beast
  1524 | D:3      | Killed a sky beast
  1525 | D:3      | Reached XP level 4. HP: 38/38 MP: 3/3
  1525 | D:3      | Reached XP level 5. HP: 45/45 MP: 4/4
  1565 | D:3      | Found an iron altar of Okawaru.
  1567 | D:3      | Reached skill level 5 in Staves
  1569 | D:3      | Became a worshipper of Warmaster Okawaru
  2280 | D:4      | Identified the -2 pair of boots of Mezcal {-Tele rPois
                  | Int+4 Slay+3}
  2293 | D:4      | Found a bloodstained altar of Trog.
  2589 | D:4      | Reached XP level 6. HP: 52/52 MP: 5/5
  2660 | D:4      | Found a hide-covered altar of Uskayaw.
  3262 | D:5      | Entered Level 5 of the Dungeon
  3298 | D:5      | Reached skill level 6 in Staves
  3301 | D:5      | Found a glowing drain.
  3318 | Sewer    | Entered a sewer
  3644 | Sewer    | Found a white marble altar of Elyvilon.
  3725 | D:5      | Reached XP level 7. HP: 43/60 MP: 6/6
  3951 | D:5      | Reached * piety under Okawaru
  4045 | D:5      | Noticed Eustachio
  4312 | D:5      | Reached skill level 5 in Dodging
  4317 | D:5      | Reached skill level 7 in Staves
  4627 | D:5      | Reached skill level 5 in Fighting
  4706 | D:5      | Reached XP level 8. HP: 68/68 MP: 7/7
  4904 | D:5      | Killed Eustachio
  5201 | D:6      | Reached skill level 8 in Staves
  5207 | D:6      | Reached ** piety under Okawaru
  5472 | D:6      | Reached skill level 5 in Armour
  6143 | D:5      | Reached skill level 5 in Throwing
  6456 | D:6      | Reached skill level 9 in Staves
  6490 | D:6      | Reached skill level 1 in Bows
  6490 | D:6      | Reached XP level 9. HP: 70/75 MP: 8/8
  6777 | D:7      | Found a hazy altar of Hepliaklqana.
  7272 | D:7      | Reached *** piety under Okawaru
  7613 | D:7      | Found a staircase to the Ecumenical Temple.
  7624 | Temple   | Entered the Ecumenical Temple
  7939 | D:7      | Found a burning altar of Makhleb.
  7942 | D:7      | Noticed a balrug
  8283 | D:8      | Found a stormy altar of Qazlal.
  8744 | D:8      | Reached skill level 10 in Staves
  9149 | D:8      | Paralysed by a hornet for 3 turns
  9444 | D:8      | Reached XP level 10. HP: 51/86 MP: 9/9
  9598 | D:9      | Reached **** piety under Okawaru
 10109 | D:9      | Found a large runed translucent door.
 10110 | D:9      | Found a large runed translucent door.
 10140 | D:9      | Reached skill level 1 in Invocations
 10352 | D:9      | Noticed a tengu warrior
 10375 | D:9      | Killed a tengu warrior
 10375 | D:9      | Received a gift from Okawaru
 10376 | D:9      | Reached skill level 11 in Staves
 10698 | D:9      | Slain by a yak

Illustrated notes

Levels and vault maps discovered:
D:1:      saegor_arrival_simple_e, layout_rooms
D:2:      layout_basic
D:3:      layout_loops_ring, nicolae_elyvilon_temple_path, lemuel_crystal_altar,
          lemuel_tele_altar, shapermc_ecumenical_altar_rom_forum,
          serial_aquarium, aquarium_bridge_square [aquarium_subvault_window,
          aquarium_subvault_wall, aquarium_subvault_wall,
          aquarium_subvault_bridge], aquarium_window_1,
          aquarium_window_corridor_3, aquarium_window_fake, aquarium_window_1,
          aquarium_view_2c, aquarium_balcony_5b, aquarium_pool_2, minivault_11
D:4:      layout_rooms, trog_three_pillars_becter, nicolae_uskayaw_suspiria
D:5:      layout_loops_cross, portal_sewer_entry_b, uniq_eustachio
D:6:      layout_basic
D:7:      layout_basic, lemuel_crystal_altar, makhleb_altar_promises_db,
          minmay_temple_entry_antechambers, minmay_misc_feat_doors
D:8:      layout_loops_ring, mainiacjoe_overflow_paths, grunt_decor_cap
D:9:      layout_loops_corners, jmf_multi_god_temple2
Temple:   minmay_temple_bridge_abc

Skill      XL: |  1  2  3  4  5  6  7  8  9 10 |
---------------+-------------------------------+-----
Staves         | 4 5 6 7 9 10 11 | 11.1
Armour         | 1 2 3 4 5 7 |  7.4
Fighting       | 3 4 5 6 7 |  7.7
Dodging        | 4 5 6 |  6.0
Throwing       | 3 4 5 6 |  6.0
Bows           | 1 3 4 |  4.3
Invocations    | 2 |  2.1

Action                   |  1- 3 |  4- 6 |  7- 9 | 10-12 || total
-------------------------+-------+-------+-------+-------++-------
Melee: Quarterstaff      |   114 |   130 |   279 |    50 ||   573
       Headbutt          |    13 |    20 |    69 |    11 ||   113
 Fire: Shortbow          |       |       |    30 |     4 ||    34
Throw: Dart              |     7 |     7 |    89 |    21 ||   124
Evoke: Wand              |       |     1 |     5 |     6 ||    12
  Use: Scroll            |       |     9 |    10 |     1 ||    20
       Potion            |       |       |       |     1 ||     1
Armor: Leather armour    |    11 |       |       |       ||    11
       Chain mail        |    55 |       |       |       ||    55
       Plate armour      |       |    87 |   165 |    34 ||   286
Dodge: Dodged            |    51 |    51 |   116 |    21 ||   239

Table legend: (Time is in decaauts)
 A = Elapsed time spent in this place.
 B = Non-inter-level travel time spent in this place.
 C = Inter-level travel time spent in this place.
 D = Time resting spent in this place.
 E = Time spent auto-exploring this place.
 F = Levels seen in this place.
 G = Mean time per level.
                   A        B        C        D        E       F      G
               +--------+--------+--------+--------+--------+-----+--------+
         Total |  10638 |  10190 |    448 |    969 |   7424 |  11 |  967.1 |
       Dungeon |  10273 |   9825 |    448 |    969 |   7135 |   9 | 1141.4 |
        Temple |      1 |      1 |      0 |      0 |      0 |   1 |    1.0 |
         Sewer |    362 |    362 |      0 |      0 |    289 |   1 |  362.0 |
               +--------+--------+--------+--------+--------+-----+--------+

Top non-repeatable levels by time:
     D:6: 1672 daAuts
     D:8: 1666 daAuts
     D:5: 1452 daAuts
     D:7: 1165 daAuts
     D:4: 1150 daAuts
     D:3: 1084 daAuts
     D:9: 889 daAuts
     D:2: 718 daAuts
     D:1: 473 daAuts
   Sewer: 362 daAuts
  Temple: 1 daAuts
